 Dungeon Crawl Stone Soup version 0.23.1 (webtiles) character file.

Game seed: 3952212759087018864

11 CharlesCox the Grave Robber (level 2, -3/20 HPs)
             Began as a Ghoul Necromancer on Mar 9, 2019.
             Slain by a hobgoblin
             ... wielding a +0 club
              (4 damage)
             ... on level 1 of the Dungeon.
             The game lasted 00:05:41 (435 turns).

CharlesCox the Grave Robber (Ghoul Necromancer)      Turns: 435, Time: 00:05:42

Health: -3/20      AC:  2    Str: 11    XL:     2   Next: 25%
Magic:  0/4        EV: 12    Int: 10    God:
Gold:   5          SH:  0    Dex:  9    Spells: 4/5 levels left

rFire    . . .     SeeInvis .   (no weapon)
rCold    + . .     Gourm    .   (no shield)
rNeg     + + +     Faith    .   g - +0 robe (curse)
rPois    ∞         Spirit   .   (no helmet)
rElec    .         Reflect  .   (no cloak)
rCorr    .         Harm     .   (no gloves)
MR       .....                  (no boots)
Stlth    ++........             (no amulet)
HPRegen  0.00/turn              (no ring)
MPRegen  0.09/turn              (no ring)

@: rotting
A: rotting body, claws 1, carnivore, cold resistance 1, negative energy
resistance 3, inhibited regeneration, torment resistance, unbreathing
a: no special abilities


You were on level 1 of the Dungeon.
You were not hungry.

You visited 1 branch of the dungeon, and saw 1 of its levels.

You collected 5 gold pieces.

Inventory:

Missiles
 f - 14 stones (quivered)
Armour
 a - a +0 robe
 g - a cursed +0 robe (worn)
Scrolls
 e - a scroll of remove curse {unknown}
Potions
 b - a potion of brilliance {unknown}
 d - a potion of heal wounds {unknown}
Comestibles
 c - 2 rations
 h - a chunk of flesh


   Skills:
 + Level 1.7 Dodging
 + Level 2.4 Stealth
 + Level 2.0 Spellcasting
 + Level 4.2 Necromancy


You had 4 spell levels left.
You knew the following spells:

 Your Spells              Type           Power        Failure   Level  Hunger
a - Pain                  Necr           #...         5%          1    ##.....

Your spell library contained the following spells:

 Spells                   Type           Power        Failure   Level  Hunger
 Animate Skeleton         Necr           N/A          5%          1    ##.....
 Vampiric Draining        Necr           #.........   17%         3    ####...
 Regeneration             Chrm/Necr      #.........   36%         3    ####...
 Animate Dead             Necr           N/A          50%         4    #####..


Dungeon Overview and Level Annotations

Branches:
Dungeon (1/15)

Altars:


Innate Abilities, Weirdness & Mutations

Your body is rotting away.
You thrive on raw meat.
You are immune to poison.
You have sharp fingernails.
You are carnivorous and can eat meat at any time.
Your flesh is cold resistant. (rC+)
You are immune to negative energy. (rN+++)
You do not regenerate when monsters are visible.
You are immune to unholy pain and torment.
You can survive without breathing.


Message History

The hobgoblin is moderately wounded.
The hobgoblin barely misses you. The hobgoblin closely misses you.
Casting: Pain (safe; 5% risk of failure)
Confirm with . or Enter, or press ? or * to list all spells.
Aiming: Pain (safe; 5% risk of failure)
Press: ? - help, Shift-Dir - straight line, f - hobgoblin
Aim: a hobgoblin (moderately wounded, chance to defeat MR: 76%)
The hobgoblin writhes in agony.
You kill the hobgoblin!
The hobgoblin hits you with a +0 club.
* * * LOW HITPOINT WARNING * * *
You closely miss the hobgoblin. The hobgoblin hits you with a +0 club.
* * * LOW HITPOINT WARNING * * *
Casting: Pain (safe; 5% risk of failure)
Confirm with . or Enter, or press ? or * to list all spells.
Aiming: Pain (safe; 5% risk of failure)
Press: ? - help, Shift-Dir - straight line, f - hobgoblin
Aim: a hobgoblin, wielding a +0 club (chance to defeat MR: 76%)
The hobgoblin writhes in agony.
The hobgoblin hits you with a +0 club.
You die...

.# #...#....# #.###÷#
.###.#.###..# #.###.###
.....#.# #..######.......#
.....#.###.............#.#
##...#.#.+.........#####.#
#.###.#.#.......#.#####.#
#.. ..#.........#.#.....#
#######)........#.#.#####
#.........g@..#.#
.$.((..#.#.#######.#.#
....####)#.# ######.# ...
+....#.# #......# ..
###..#.# #.###### . #..#.#
#.# #..#.####.#
#..#......#######
#..#.....)##....#


You could see a hobgoblin.

Vanquished Creatures
  2 leopard geckos (D:1)
  A bat (D:1)
  3 hobgoblins (D:1)
  2 kobolds (D:1)
8 creatures vanquished.

Notes
Turn   | Place    | Note
-------+----------+-------------------------------------------
     0 | D:1      | CharlesCox the Ghoul Necromancer began the quest for the
                  | Orb.
     0 | D:1      | Reached XP level 1. HP: 14/14 MP: 2/2
     6 | D:1      | Noticed an electric eel
   413 | D:1      | Reached XP level 2. HP: 20/20 MP: 0/4
   426 | D:1      | HP: 1/20 [hobgoblin/+0 club (4)]
   435 | D:1      | Slain by a hobgoblin

Skill      XL: |  1 |
---------------+----+-----
Spellcasting   | 2 |  2.0
Dodging        | |  1.7
Stealth        | |  2.4
Necromancy     | |  4.2

Action                   || total
-------------------------++-------
Melee: Unarmed           ||    27
Throw: Stone             ||     2
 Cast: Pain              ||    16
  Eat: Chunk             ||     4
Armor: Robe              ||     5
Dodge: Dodged            ||    24
